 Dungeon Crawl Stone Soup version 0.22.0-38-g04b72b8 (webtiles) character file.

509 Lew the Covered (level 7, 44/44 HPs)
             Began as a Gargoyle Fighter on Aug 30, 2018.
             Quit the game on level 4 of the Dungeon.
             The game lasted 00:05:49 (3506 turns).

Lew the Covered (Gargoyle Fighter)                  Turns: 3506, Time: 00:05:50

Health: 44/44      AC: 13    Str: 20    XL:     7   Next: 19%
Magic:  7/7        EV:  9    Int: 10    God:
Gold:   170        SH:  9    Dex: 11    Spells: 6/6 levels left

rFire    . . .     SeeInvis .   k - +2 mace (venom)
rCold    . . .     Gourm    .   c - +0 shield
rNeg     + + .     Faith    .   n - +1 ring mail {rN+}
rPois    ∞         Spirit   .   (no helmet)
rElec    +         Reflect  .   (no cloak)
rCorr    +         Harm     .   q - +0 pair of gloves
MR       .....                  (no boots)
Stlth    ++........             (no amulet)
HPRegen  0.14/turn              i - ring of resist corrosion
MPRegen  0.10/turn              r - ring of stealth

@: no status effects
A: blurry vision 1, clever 1, negative energy resistance 1, electricity
resistance, unbreathing, petrification resistance, rot immunity, AC +4
a: no special abilities


You were on level 4 of the Dungeon.
You were not hungry.

You visited 1 branch of the dungeon, and saw 4 of its levels.

You collected 170 gold pieces.

Inventory:

Hand Weapons
 a - a +1 war axe
 k - a +2 mace of venom (weapon)
Armour
 c - a +0 shield (worn)
 n - a +1 ring mail of positive energy (worn)
 q - a +0 pair of gloves (worn)
Jewellery
 i - a ring of resist corrosion (left hand)
 o - an uncursed ring of magical power {unknown}
 r - a ring of stealth (right hand)
Wands
 s - a wand of flame (41)
Scrolls
 e - a scroll of remove curse
 h - 3 scrolls of teleportation
 p - 3 scrolls of magic mapping
Potions
 d - 2 potions of might
 g - 3 potions of flight
 j - a potion of ambrosia {unknown}
 l - a potion of haste
 m - a potion of magic
 v - 2 potions of heal wounds
Comestibles
 f - 5 rations


   Skills:
 + Level 4.4 Fighting
 * Level 3.9 Axes
 + Level 4.5 Armour
 + Level 2.0 Dodging
 + Level 3.0 Stealth
 + Level 4.4 Shields


You had 6 spell levels left.
You didn't know any spells.
Your spell library was empty.

Dungeon Overview and Level Annotations

Branches:
Dungeon (4/15)
 Temple: D:4-7

Altars:
Elyvilon


Innate Abilities, Weirdness & Mutations

You are resistant to torment.
Your stone body is resilient. (AC +4)
You are immune to poison.
You resist negative energy. (rN+)
You are resistant to electric shocks. (rElec)
You can survive without breathing.
You are immune to petrification.
You are immune to rotting.
Scrolls take you a little longer to read.
Your mind is acute. (Int +2)


Message History

No target in view!
There is an open door here.
You open the door.
There is an open door here.
You open the door.
There is an open door here.
Done exploring.
No target in view!
Done exploring.
No target in view!
Done exploring.
Done exploring.
No target in view!
Done exploring.
No target in view!
Search for what [Enter for ":3", or ? for help]? :4 You feel extremely strange.
Your magical essence is no longer linked to your wands.
You feel stupid.
Your vision blurs.
You feel clever.
Are you sure you want to abandon this character and quit the game? (Confirm with "yes".)

######
##########....#####
.......=.#....#...#
.........#....#...#
.........#....##@##
####'#####........#
..................#
..................#
..........####....#
..........#..#....#
...#####'##..#....#
...#......#..#....#
...#......#..'....#


There were no monsters in sight!

Vanquished Creatures
  Edmund (D:4)
  A big kobold (D:4)
  Terence (D:3)
  2 iguanas (D:4)
  An orc wizard (D:3)
  A worker ant (D:4)
  6 adders
  4 gnolls (D:3)
  An ooze (D:3)
  An adder skeleton (D:4)
  4 worms
  3 dart slugs
  4 leopard geckos
  12 orcs (D:3)
  4 giant cockroaches
  6 goblins
  4 hobgoblins
  2 jackals (D:4)
  6 kobolds
  3 quokkas (D:3)
  2 ball pythons (D:2)
  6 bats
  4 frilled lizards
  4 rats
83 creatures vanquished.

Notes
Turn   | Place    | Note
-------+----------+-------------------------------------------
     0 | D:1      | Lew the Gargoyle Fighter began the quest for the Orb.
     0 | D:1      | Reached XP level 1. HP: 14/14 MP: 1/1
    99 | D:1      | Reached XP level 2. HP: 16/19 MP: 2/2
   919 | D:2      | Reached skill level 1 in Stealth
   925 | D:2      | Reached XP level 3. HP: 20/23 MP: 3/3
  1428 | D:2      | Reached XP level 4. HP: 28/28 MP: 4/4
  1633 | D:3      | Reached skill level 1 in Dodging
  1726 | D:3      | Noticed Terence
  1739 | D:3      | Killed Terence
  1739 | D:3      | Reached XP level 5. HP: 24/33 MP: 5/5
  2191 | D:3      | Reached XP level 6. HP: 31/38 MP: 6/6
  2498 | D:4      | Gained mutation: Your mind is acute. (Int +2) [potion of mutation]
  2498 | D:4      | Gained mutation: Your mind is very acute. (Int +4) [potion of mutation]
  2499 | D:4      | Lost mutation: Your mind is very acute. (Int +4) [potion of mutation]
  2499 | D:4      | Lost mutation: Your mind is acute. (Int +2) [potion of mutation]
  2499 | D:4      | Gained mutation: Your mind is acute. (Int +2) [potion of mutation]
  2499 | D:4      | Gained mutation: You expend magic power (3 MP) to strengthen your wands. [potion of mutation]
  2572 | D:4      | Noticed Edmund
  2593 | D:4      | Killed Edmund
  2593 | D:4      | Reached XP level 7. HP: 10/44 MP: 7/7
  3332 | D:4      | Found a white marble altar of Elyvilon.
  3505 | D:4      | Lost mutation: You expend magic power (3 MP) to strengthen your wands. [potion of mutation]
  3505 | D:4      | Lost mutation: Your mind is acute. (Int +2) [potion of mutation]
  3505 | D:4      | Gained mutation: Scrolls take you a little longer to read. [potion of mutation]
  3505 | D:4      | Gained mutation: Your mind is acute. (Int +2) [potion of mutation]
  3506 | D:4      | Quit the game

Skill      XL: |  1  2  3  4  5  6  7 |
---------------+----------------------+-----
Axes           | 2 3 |  3.9
Stealth        | 1 2 3 |  3.0
Dodging        | 1 2 |  2.0
Armour         | 4 |  4.5
Shields        | 4 |  4.4
Fighting       | 4 |  4.4

Action                   |  1- 3 |  4- 6 |  7- 9 || total
-------------------------+-------+-------+-------++-------
Melee: War axe           |    33 |       |       ||    33
       Mace              |    47 |   157 |    18 ||   222
  Use: Scroll            |     2 |     8 |       ||    10
       Potion            |     2 |     3 |     1 ||     6
  Eat: Chunk             |     1 |     4 |       ||     5
       Ration            |       |       |     1 ||     1
Armor: Scale mail        |    49 |    77 |       ||   126
       Ring mail         |       |       |     9 ||     9
Dodge: Dodged            |    28 |    61 |     5 ||    94
Block: Shield            |    44 |    76 |    14 ||   134
